 Seeded DCSS version 0.28.0-53-g5a82cb258f (webtiles) character file.

Game seed: 1001001 (custom seed)

6 xaos the Grasshopper (level 1, 0/19 HPs)
             Began as a Deep Dwarf Warper on June 1, 2022.
             Slain by a hobgoblin (2 damage)
             ... on level 1 of the Dungeon.
             The game lasted 00:01:42 (415 turns).

xaos the Grasshopper (Deep Dwarf Warper)             Turns: 415, Time: 00:01:43

Health: 0/19       AC:  3    Str: 14    XL:     1   Next: 75%
Magic:  3/3        EV: 11    Int: 13    God:
Gold:   16         SH:  0    Dex: 12    Spells: 3/3 levels left

rFire   . . .      SeeInvis .   a - +0 hand axe
rCold   . . .      Faith    .   (no shield)
rNeg    . . .      Spirit   .   b - +0 leather armour
rPois   .          Reflect  .   (no helmet)
rElec   .          Harm     .   (no cloak)
rCorr   .          Rampage  .   (no gloves)
Will    .....                   (no boots)
Stlth   +.........              (no amulet)
HPRegen 0.00/turn               (no ring)
MPRegen 0.08/turn               (no ring)

@: no status effects
A: damage resistance, heal wounds, sense surroundings 1, no regeneration
a: Heal Wounds


You were on level 1 of the Dungeon.
You visited 1 branch of the dungeon, and saw 1 of its levels.

You collected 16 gold pieces.

Inventory:

Hand Weapons
 a - a +0 hand axe (weapon)
Missiles
 d - 5 boomerangs of dispersal (quivered)
Armour
 b - a +0 leather armour (worn)
Scrolls
 c - a scroll of blinking
 f - a scroll of silence {unknown}
 g - a scroll of magic mapping {unknown}
Potions
 e - a potion of curing {unknown}


   Skills:
 + Level 2.0 Fighting
 + Level 2.1 Axes
 + Level 0.8 Throwing
 + Level 1.2 Armour
 + Level 2.1 Dodging
 + Level 1.7 Spellcasting
 + Level 3.5 Translocations


You had 3 spell levels left.
You didn't know any spells.
Your spell library contained the following spells:

 Spells                   Type           Power      Damage    Failure   Level
 Blink                    Tloc           20%        N/A       11%         2
 Gell's Gravitas          Tloc           10%        N/A       22%         3
 Lesser Beckoning         Tloc           10%        N/A       22%         3
 Teleport Other           Tloc           10%        N/A       22%         3
 Manifold Assault         Tloc           10%        N/A       90%         5


Dungeon Overview and Level Annotations

Branches:
Dungeon (1/15)

Altars:


Innate Abilities, Weirdness & Mutations

You are resistant to damage.
You can heal yourself by infusing magical energy.
You passively map a small area around you.
You do not regenerate.


Message History

The goblin hits you with a +0 club. The goblin barely misses you.
The kobold hits you with a +0 short sword.
You barely miss the goblin. You barely miss the kobold. You hit the goblin.
The goblin hits you with a +0 club. The goblin hits you with a +0 dagger.
The kobold hits you but does no damage.
You hit the kobold but do no damage.
The kobold is moderately wounded.
You closely miss the goblin. x2; The goblin hits you with a +0 club.
The goblin closely misses you. The kobold hits you but does no damage.
You barely miss the goblin. You barely miss the kobold.
You closely miss the goblin. The goblin hits you with a +0 club.
* * * LOW HITPOINT WARNING * * *
The goblin misses you.
The kobold hits you with a +0 short sword.
* * * LOW HITPOINT WARNING * * *
The goblin hits you with a +0 dagger. The goblin hits you with a +0 club.
* * * LOW HITPOINT WARNING * * *
A hobgoblin comes into view.
The kobold hits you with a +0 short sword.
The hobgoblin closely misses you.
A hobgoblin comes into view.
The hobgoblin shouts!
You barely miss the kobold.
The kobold hits you with a +0 short sword.
* * * LOW HITPOINT WARNING * * *
You closely miss the kobold.
The kobold hits you with a +0 short sword.
The kobold misses you.
You hit the kobold but do no damage. The kobold closely misses you.
You hit the kobold.
You kill the kobold!
You barely miss the hobgoblin.
The hobgoblin hits you but does no damage.
You hit the hobgoblin.
The hobgoblin is severely wounded.
The hobgoblin hits you.
You hit the hobgoblin but do no damage.
The hobgoblin is severely wounded.
The hobgoblin hits you.
You die...

. , * , ,, *#.....
.# , ,, , .....# .#
, .... ...g# .# ,
,,, ,...#....#*.# *
* ....#.#.# .# ,,
#.#.#.#.# .# *
#.#.#.#.##.# *
########.#.#..gg@.#
,
.............#g####
, ######..........#*
* ,
.............#......
,, ,
..##..$.........####
* ,,
♣.♣♣...#.######## *
, ≈.P♣♣..#..# *
≈♣####### * , ≈ ♣


You could see 2 hobgoblins and a goblin.

Vanquished Creatures
  3 goblins (D:1)
  A ball python (D:1)
  A frilled lizard (D:1)
  A kobold (D:1)
6 creatures vanquished.

Notes
Turn   | Place    | Note
-------+----------+-------------------------------------------
     0 | D:1      | xaos the Deep Dwarf Warper began the quest for the Orb.
     0 | D:1      | Reached XP level 1. HP: 19/19 MP: 3/3
   415 | D:1      | Slain by a hobgoblin

Illustrated notes

Levels and vault maps discovered:
D:1:      dpeg_arrival_water_altar, layout_basic,
          chequers_ecumenical_altar_lobes, serial_curves, eino_curves_02,
          eino_curves_02, chequers_serial_rivers_micro_b, serial_bayou_crossing

Skill      XL: |  1 |
---------------+----+-----
Fighting       | 2 |  2.0
Axes           | |  2.1
Throwing       | |  0.8
Armour         | |  1.2
Dodging        | |  2.1
Spellcasting   | |  1.7
Translocations | |  3.5

Action                   || total
-------------------------++-------
Melee: Hand axe          ||    26
Armor: Leather armour    ||     4
Dodge: Dodged            ||    16
